 Dungeon Crawl Stone Soup version 0.20.1-1-g8b1a95d (webtiles) character file.

87 vatarom the Insei (level 4, 0/33 HPs)
             Began as a Demonspawn Transmuter on Sept 21, 2017.
             Slain by a phantom (1 damage)
             ... on level 4 of the Dungeon.
             The game lasted 00:05:26 (2092 turns).

vatarom the Insei (Demonspawn Transmuter)           Turns: 2092, Time: 00:05:27

Health: 0/33       AC:  4    Str: 10    XL:     4   Next: 28%
Magic:  4/7        EV: 13    Int: 14    God:
Gold:   119        SH:  0    Dex: 15    Spells: 1/7 levels left

rFire    . . .     SeeInvis +     - Unarmed
rCold    + + .     Gourm    .   (no shield)
rNeg     . . .     Faith    .   b - +0 robe
rPois    .         Spirit   .   (no helmet)
rElec    .         Reflect  .   (no cloak)
rCorr    .         Harm     .   (no gloves)
MR       .....                  (no boots)
Stlth    +.........             (no amulet)
Regen    0.2/turn               e - ring of see invisible
MPRegen  0.1/turn               f - ring of protection from cold

@: flying
A: iridescent scales 1, cold resistance 1
a: no special abilities


You were on level 4 of the Dungeon.
You were not hungry.

You visited 1 branch of the dungeon, and saw 4 of its levels.

You collected 119 gold pieces.

Inventory:

Hand Weapons
 i - a +2 vampiric war axe
Missiles
 a - 56 arrows
Armour
 b - a +0 robe (worn)
Jewellery
 e - a ring of see invisible (left hand)
 f - a ring of protection from cold (right hand)
Scrolls
 k - a scroll of fog {unknown}
Potions
 g - a potion of flight
Books
 c - a book of Changes

   Spells                             Type                      Level
   a - Beastly Appendage              Transmutation                1
   b - Sticks to Snakes               Transmutation                2
   c - Spider Form                    Transmutation/Poison         3
   d - Ice Form                       Ice/Transmutation            4
   e - Blade Hands                    Transmutation                5
Comestibles
 d - 4 bread rations
 h - a meat ration
 j - 5 fruits
 l - a royal jelly
 m - 3 chunks of flesh


   Skills:
 + Level 2.2 Fighting
 + Level 2.7 Dodging
 * Level 3.6 Unarmed Combat
 - Level 2.0 Spellcasting
 - Level 1.7 Transmutations


You had one spell level left.
You knew the following spells:

 Your Spells              Type           Power        Failure   Level  Hunger
a - Beastly Appendage     Tmut           #.....       12%         1    ##.....
b - Sticks to Snakes      Tmut           #.......     17%         2    ###....
c - Spider Form           Tmut/Pois      #.........   45%         3    ####...


Dungeon Overview and Level Annotations

Branches:
Dungeon (4/15)
 Temple: D:4-7

Altars:
Uskayaw


Innate Abilities, Weirdness & Mutations

You are partially covered in iridescent scales. (AC +2)
Your flesh is cold resistant. (rC+)


Message History

The phantom hits you but does no damage.
You hit the phantom.
The phantom is moderately damaged.
The phantom barely misses you.
Sorry, you're not good enough to have a special ability.
Casting: Spider Form
Confirm with . or Enter, or press ? or * to list all spells.
You miscast Beastly Appendage.
Your skin tingles.
The phantom hits you.
The phantom blinks!
Some of the chunks of flesh in your inventory have rotted away.
Found a throwing net.
The phantom blinks!
Found a potion of flight.
The phantom hits you.
* * * LOW HITPOINT WARNING * * *
The phantom hits you!
* * * LOW HITPOINT WARNING * * *
Your magical contamination has completely faded away.
The phantom hits you.
You die...

#############
#...........#
#...........#
#...........#
#...........#
#...........#
#........W..###
######....#####@...#
..........# #....#
........(.+ #....#
..........# #....#
..........# #....#
..........# #...!#
#####....## ######
#....# #....#


You could see a phantom.

Vanquished Creatures
  2 adders (D:2)
  A dart slug (D:1)
  2 leopard geckos (D:1)
  An orc (D:3)
  A ball python (D:1)
  2 giant cockroaches
  8 goblins
  5 jackals
  2 kobolds
  2 bats
  6 frilled lizards
  4 rats
36 creatures vanquished.

Vanquished Creatures (collateral kills)
  A howler monkey (D:3)
  A worm (D:3)
  A ball python (D:1)
  A bat (D:1)
  A frilled lizard (D:3)
5 creatures vanquished.

Grand Total: 41 creatures vanquished

Notes
Turn   | Place    | Note
-------+----------+-------------------------------------------
     0 | D:1      | vatarom the Demonspawn Transmuter began the quest for the Orb.
     0 | D:1      | Reached XP level 1. HP: 15/15 MP: 3/3
    90 | D:1      | Gained mutation: Your flesh is cold resistant. (rC+) [demonic ancestry]
    90 | D:1      | Reached XP level 2. HP: 8/21 MP: 3/5
    99 | D:1      | Reached skill level 3 in Unarmed Combat
   482 | D:1      | Learned a level 2 spell: Sticks to Snakes
   860 | D:2      | Found a hide-covered altar of Uskayaw.
   932 | D:2      | Reached XP level 3. HP: 8/26 MP: 4/6
  1266 | D:2      | Learned a level 3 spell: Spider Form
  1960 | D:3      | Gained mutation: You are partially covered in iridescent scales. (AC +2) [demonic ancestry]
  1960 | D:3      | Reached XP level 4. HP: 10/33 MP: 3/7
  2054 | D:4      | Noticed a phantom
  2090 | D:4      | HP: 1/33 [phantom (8)]
  2092 | D:4      | Slain by a phantom

Skill      XL: |  1  2  3 |
---------------+----------+-----
Dodging        | 2 |  2.7
Unarmed Combat | 3 |  3.6
Fighting       | 2 |  2.2
Spellcasting   | |  2.0
Transmutations | |  1.7

Action                   |  1- 3 |  4- 6 || total
-------------------------+-------+-------++-------
Melee: Unarmed           |   115 |     9 ||   124
       Headbutt          |     4 |       ||     4
       Kick              |     6 |       ||     6
       Punch             |     1 |       ||     1
 Cast: Beastly Appendage |    15 |     1 ||    16
       Sticks to Snakes  |     5 |       ||     5
       Spider Form       |       |     2 ||     2
 Abil: End Transformatio |       |     1 ||     1
  Use: Scroll            |     7 |       ||     7
       Potion            |     4 |     4 ||     8
 Stab: Sleeping          |     3 |       ||     3
  Eat: Chunk             |     3 |     1 ||     4
       Fruit             |     1 |       ||     1
Armor: Robe              |    25 |     1 ||    26
Dodge: Dodged            |    88 |     9 ||    97
